 Dungeon Crawl Stone Soup version 0.27-a0-1196-g3e9cee4 (webtiles) character file.

Game seed: 7018729178751686003

88 Meow the Sneak (level 4, 36/36 HPs)
             Began as a Naga Venom Mage on May 27, 2021.
             Quit the game on level 2 of the Dungeon.
             The game lasted 00:06:47 (2023 turns).

Meow the Sneak (Naga Venom Mage)                    Turns: 2023, Time: 00:06:48

Health: 36/36      AC:  2    Str: 11    XL:     4   Next: 53%
Magic:  6/8        EV:  9    Int: 16    God:
Gold:   75         SH:  0    Dex: 11    Spells: 2/9 levels left

rFire    . . .     SeeInvis +   a - +0 quarterstaff
rCold    . . .     Faith    .   (shield currently unavailable)
rNeg     . . .     Spirit   .   f - +0 robe
rPois    +         Reflect  .   (no helmet)
rElec    .         Harm     .   (no cloak)
rCorr    .         Rampage  .   (no gloves)
Will     .....                  (no barding)
Stlth    +++.......             (no amulet)
HPRegen  0.12/turn              (no ring)
MPRegen  0.11/turn              (no ring)

@: very slow
A: AC +1, large, see invisible, deformed body, poison resistance, slowness 2,
spit poison 1, naga tail 1
a: Spit Poison


You were on level 2 of the Dungeon.
You visited 1 branch of the dungeon, and saw 3 of its levels.

You collected 75 gold pieces.

Inventory:

Hand Weapons
 a - a +0 quarterstaff (weapon)
 i - a +0 long sword
 n - a +0 broad axe
Missiles
 b - 85 stones (quivered)
 k - 18 poisoned darts
 m - 2 boomerangs
Armour
 f - a +0 robe (worn)
 j - a +0 kite shield
Scrolls
 c - a scroll of identify {unknown}
 d - a scroll of amnesia {unknown}
 e - a scroll of holy word {unknown}
 g - a scroll of enchant armour {unknown}
 h - 2 scrolls of enchant weapon {unknown}
 l - a scroll of teleportation {unknown}
 o - a scroll of noise {unknown}
Potions
 p - a potion of brilliance {unknown}


   Skills:
 - Level 1.5 Dodging
 + Level 4.6 Stealth
 * Level 3.1 Spellcasting
 + Level 1.9 Conjurations
 - Level 1.0 Transmutations
 - Level 4.0 Poison Magic


You had 2 spell levels left.
You knew the following spells:

 Your Spells              Type           Power      Damage    Failure   Level
a - Sting                 Tmut/Pois      40%        1d5       7%          1
c - Mephitic Cloud        Conj/Pois/Air  8%         N/A       24%         3
C - Ignite Poison         Fire/Tmut/Pois 7%         N/A       28%         3

Your spell library contained the following spells:

 Spells                   Type           Power      Damage    Failure   Level
 Poisonous Vapours        Pois/Air       16%        N/A       12%         2
 Freeze                   Ice            8%         1d3       19%         1
 Olgreb's Toxic Radiance  Pois           15%        N/A       34%         4
 Frozen Ramparts          Ice            4%         1d2       50%         3
 Ozocubu's Armour         Ice            2%         N/A       50%         3
 Hailstorm                Conj/Ice       5%         3d4       77%         4
 Metabolic Englaciation   Hex/Ice        1%         N/A       99%         5


Dungeon Overview and Level Annotations

Branches:
Dungeon (3/15)

Altars:


Innate Abilities, Weirdness & Mutations

Your serpentine skin is tough. (AC +1)
You have supernaturally acute eyesight. (SInv)
Armour fits poorly on your strangely shaped body.
Your system is resistant to poisons. (rPois)
You cover ground very slowly.
You can spit poison.
You have a snake-like lower body.


Message History

You now have 75 gold pieces (gained 13).
You open the door.
A hobgoblin comes into view.
The hobgoblin shouts!
There is an open door here.
A hobgoblin is nearby!
Press: ? - help, Shift-Dir - straight line, f - hobgoblin
Aim: a hobgoblin The splash of poison hits the hobgoblin.
You kill the hobgoblin!
You have got your breath back.
You see here a hobgoblin corpse.
A worm comes into view.
Press: ? - help, Shift-Dir - straight line, f - worm
Aim: a worm (asleep)
The splash of poison hits the worm.
The worm is poisoned.
The worm is heavily wounded.
Unknown command.
Casting: Sting (safe; 7% risk of failure)
Confirm with . or Enter, or press ? or * to list all spells.
Aiming: Sting (safe; 7% risk of failure)
Press: ? - help, Shift-Dir - straight line, f/p - worm
Aim: a worm (moderately wounded, poisoned, 90% to hit)
The sting hits the worm.
The worm looks even sicker.
The worm is heavily wounded.
The worm barely misses you.
You can't do that yet.
Unknown command.
Unknown command.
Casting: Sting (safe; 7% risk of failure)
Confirm with . or Enter, or press ? or * to list all spells.
Aiming: Sting (safe; 7% risk of failure)
Press: ? - help, Shift-Dir - straight line, f/p - worm
Aim: a worm (severely wounded, poisoned, 90% to hit)
The sting hits the worm.
The worm looks even sicker.
The worm is almost dead.
You have got your breath back.
You thump the worm!
You kill the worm!
Are you sure you want to abandon this character and quit the game? (Confirm with "yes".)

##### ##### #...# ##### #....
####...##########...######....
#.....†.............'.........
####'##+########.###...######....
#........# #@# #...######....
#........# #.# #.......).....
#........# #.# #.######......
#........# #.# #. #......
#....†...# #.....# ####'#.
######..## ######## #####.## #..#
#......# #.....##
#.)########.####.####.##....
#####.>.................#.##..##


There were no monsters in sight!

Vanquished Creatures
  An adder (D:2)
  3 gnolls (D:2)
  A worm (D:2)
  9 ball pythons
  6 endoplasms
  2 giant cockroaches (D:1)
  6 goblins
  4 hobgoblins
  4 quokkas
  7 bats
  5 frilled lizards
  3 kobolds
  4 rats
55 creatures vanquished.

Notes
Turn   | Place    | Note
-------+----------+-------------------------------------------
     0 | D:1      | Meow the Naga Venom Mage began the quest for the Orb.
     0 | D:1      | Reached XP level 1. HP: 15/15 MP: 3/3
   248 | D:1      | Reached XP level 2. HP: 22/22 MP: 1/5
   345 | D:1      | Reached skill level 1 in Conjurations
   630 | D:1      | Reached XP level 3. HP: 28/28 MP: 6/6
   634 | D:1      | Learned a level 3 spell: Mephitic Cloud
   821 | D:1      | Learned a level 3 spell: Ignite Poison
  1452 | D:2      | Found a faded altar of an unknown god.
  1809 | D:2      | Reached XP level 4. HP: 36/36 MP: 2/8
  2023 | D:2      | Quit the game

Illustrated notes

Levels and vault maps discovered:
D:1:      minmay_arrival_solitary_statue, layout_basic, palyth_stone_intersect,
          minmay_hedge_maze, kennysheep_minor_cross
D:2:      layout_basic, shapermc_ecumenical_altar_venn
D:3:      layout_loops_ring, minitemple, serial_shops, shop

Skill      XL: |  1  2  3  4 |
---------------+-------------+-----
Conjurations   | 1 |  1.9
Stealth        | 4 |  4.6
Spellcasting   | 3 |  3.1
Dodging        | |  1.5
Transmutations | |  1.0
Poison Magic   | |  4.0

Action                   |  1- 3 |  4- 6 || total
-------------------------+-------+-------++-------
Melee: Quarterstaff      |     3 |     4 ||     7
Throw: Stone             |    17 |     1 ||    18
 Cast: Sting             |    28 |     9 ||    37
       Mephitic Cloud    |     2 |       ||     2
 Abil: Spit Poison       |    45 |    10 ||    55
Armor: Robe              |     3 |       ||     3
Dodge: Dodged            |     9 |     1 ||    10

Table legend: (Time is in decaauts)
 A = Elapsed time spent in this place.
 B = Non-inter-level travel time spent in this place.
 C = Inter-level travel time spent in this place.
 D = Time resting spent in this place.
 E = Time spent auto-exploring this place.
 F = Levels seen in this place.
 G = Mean time per level.
                   A        B        C        D        E       F      G
               +--------+--------+--------+--------+--------+-----+--------+
         Total |   2606 |   2501 |    105 |    353 |   1676 |   3 |  868.7 |
       Dungeon |   2606 |   2501 |    105 |    353 |   1676 |   3 |  868.7 |
               +--------+--------+--------+--------+--------+-----+--------+

Top non-repeatable levels by time:
     D:1: 1753 daAuts
     D:2: 851 daAuts
     D:3: 1 daAuts
